 Dungeon Sprint DCSS version 0.21-a0-50-g941c862 (webtiles) character file.

6245 Kidiri the Grappler (level 10, -19/111 HPs)
             Began as a Troll Monk on June 11, 2017.
             Was an Elder of Wu Jian.
             Shot with an arrow by a deep elf master archer (37 damage)
             ... in the Dungeon (Sprint II: "The Violet Keep of Menkaure").
             The game lasted 00:12:44 (1926 turns).

Kidiri the Grappler (Troll Monk)                    Turns: 1926, Time: 00:12:45

Health: -19/111    AC:  7    Str: 24    XL:     10   Next: 62%
Magic:  9/9        EV: 18    Int:  6    God:    Wu Jian [****..]
Gold:   610        SH:  0    Dex: 19    Spells: 9/9 levels left

rFire    + . .     SeeInvis .     - Unarmed
rCold    . . .     Gourm    +   (no shield)
rNeg     + . .     Faith    .   a - +0 robe
rPois    .         Spirit   .   (helmet restricted)
rElec    .         Reflect  .   (no cloak)
rCorr    +         Harm     .   (gloves unavailable)
MR       .....     NoTele   +   (boots unavailable)
Stlth    ++........             (no amulet)
Regen    0.7/turn               j - ring "Fotip" {rCorr Str+3 Stlth+}
MPRegen  0.2/turn               k - ring "Butour" {rF+ rN+ Dex+4}

@: exhausted, flying, glowing, heavenly storm
A: unfitting armour, claws 3, horns 1, icy blue scales 1, fast metabolism 3,
gourmand, regeneration 1, shaggy fur 1, tough skin 2
a: Serpent's Lash, Renounce Religion


You were in the Dungeon.
You worshipped Wu Jian.
Wu Jian was greatly pleased with you.
You were full.

You visited 1 branch You collected 1423 gold pieces.
You spent 813 gold pieces at shops.

Inventory:

Hand Weapons
 t - a +0 arbalest of flaming
Missiles
 w - 7 bolts
Armour
 a - a +0 robe (worn)
Jewellery
 j - the ring "Fotip" (left claw) {rCorr Str+3 Stlth+}
   (You bought it in a shop in the Dungeon)

   [ring of resist corrosion]

   It affects your strength (+3).
   It makes you more stealthy.
 k - the ring "Butour" (right claw) {rF+ rN+ Dex+4}
   (You bought it in a shop in the Dungeon)

   [ring of dexterity]

   It affects your dexterity (+4).
   It protects you from fire.
   It protects you from negative energy.
 l - an uncursed ring of stealth
Scrolls
 h - a scroll of blinking
 m - 2 scrolls of enchant weapon {unknown}
 q - a scroll of immolation {unknown}
 s - 2 scrolls of random uselessness {unknown}
 u - a scroll of remove curse {unknown}
Potions
 c - 4 potions of curing
 d - 6 potions of flight
 e - 2 potions of haste
 f - 5 potions of magic
 i - 4 potions of invisibility {unknown}
 n - a potion of lignification
 o - 3 potions of resistance
 r - a potion of berserk rage
Comestibles
 b - 4 bread rations
 p - a meat ration
 v - a royal jelly
 x - 3 fruits


   Skills:
 * Level 10.6 Fighting
 + Level 7.2 Armour
 * Level 10.6 Dodging
 * Level 8.0 Stealth
 * Level 12.4 Unarmed Combat


You had 9 spell levels left.
You didn't know any spells.

Dungeon Overview and Level Annotations

Branches:
Dungeon (1/1)

Altars:
Cheibriados
Dithmenos
Elyvilon
Fedhas
Gozag
Hepliaklqana
Kikubaaqudgha
Makhleb
Nemelex Xobeh
Okawaru
Qazlal
Ru
Sif Muna
Trog
Uskayaw
Vehumet
Wu Jian
Xom
Yredelemnul
Zin
The Shining One
Beogh
Jiyva
Lugonu

Shops:
D =?:}[=([%*=[!(:!

Annotations:
D exclusions: 13 doors and oklob plant


Innate Abilities, Weirdness & Mutations

You are too large for most types of armour.
You have claws for hands.
Your metabolism is lightning-fast.
You like to eat raw meat.
Your natural rate of healing is unusually fast.
You are covered in fur. (AC +1)
You have very tough skin. (AC +2)
You have a pair of small horns on your head.
You are partially covered in icy blue scales. (AC +2)


Message History

You feel better.
The deep elf master archer shoots an arrow.
The arrow misses you.
Your muscles tense, ready for explosive movement...
You spin to attack the deep elf master archer, but your attack speed is too slow for a blow to land.
Swooosh!
You spin and attack the deep elf master archer with incredible momentum.
You closely miss the deep elf master archer.
The deep elf master archer is heavily wounded.
SWOOSH!
Unknown command.
Really attack while wielding your +0 arbalest of flaming?
Okay, then.
Unknown command.
Wield which item (- for none, * to show all)? (? for menu, Esc to quit)
Your +0 arbalest of flaming stops flaming.
You are now empty-clawed.
The deep elf master archer shoots an arrow.
The arrow hits you!!!
You die...

####+#### ▓▓▓ ##§§≈§≈§≈## ..▓
≈§§§§§§§≈## ▓▓+▓▓▓▓.▓
§≈§8§§§§§##++## +...▓0..▓ ###
§≈≈≈§§§##§§§§### #§§§▓▓▓▓▓ #≈##
≈≈≈≈ #e@§§§§.###.§.▓≈≈≈≈
###≈≈#+++#+++#####§§§^#§##§)▓▓▓▓▓
##≈≈≈.........#%.+§§§(#§.#[)▓[)..
∩#≈≈≈≈÷##+##..#%%####.#§.#})▓[...
.#≈≈≈≈##.#.##.####.[+.##.#§§▓....
∩#≈≈≈≈#.###.#....#..#...####▓.)(.
.#≈≈####.#.####..#####..##.#▓...(
.#≈##.###+###.##..#..+^.#..#▓.(..
.#≈#..###.##..##..#[.#..#..#▓..(.


You could see a deep elf master archer.

Vanquished Creatures
  A crystal guardian (D)
  A fire dragon (D)
  2 death drakes (D)
  A yaktaur (D)
  3 polar bears (D)
  A blink frog (D)
  A hornet (D)
  2 hippogriffs (D)
  2 wyverns (D)
  4 neqoxecs (D)
  3 soldier ants (D)
  2 swamp drakes (D)
  4 necrophages (D)
  4 crocodiles (D)
  4 worker ants (D)
  A tentacle (D)
36 creatures vanquished.

Vanquished Creatures (others)
  Menkaure (D)
  A crocodile (D)
  7 tentacles (D)
9 creatures vanquished.

Grand Total: 45 creatures vanquished

Notes
Turn   | Place    | Note
-------+----------+-------------------------------------------
     0 | D        | Kidiri the Troll Monk began the quest for the Orb.
     0 | D        | Reached XP level 1. HP: 22/22 MP: 0/0
     1 | D        | Noticed a necrophage
     1 | D        | Noticed a necrophage
     1 | D        | Noticed a necrophage
     1 | D        | Noticed a necrophage
    10 | D        | Killed a necrophage
    10 | D        | Reached skill level 1 in Armour
    10 | D        | Reached skill level 4 in Unarmed Combat
    10 | D        | Reached XP level 2. HP: 31/31 MP: 1/1
    10 | D        | Reached XP level 3. HP: 38/38 MP: 2/2
    10 | D        | Reached XP level 4. HP: 47/47 MP: 3/3
    15 | D        | Killed a necrophage
    15 | D        | Reached skill level 5 in Unarmed Combat
    15 | D        | Reached XP level 5. HP: 46/52 MP: 4/4
    31 | D        | Killed a necrophage
    31 | D        | Reached skill level 5 in Fighting
    31 | D        | Reached skill level 5 in Dodging
    31 | D        | Reached skill level 6 in Unarmed Combat
    34 | D        | Killed a crocodile
    35 | D        | Killed Menkaure
    38 | D        | Killed a necrophage
    38 | D        | Reached skill level 7 in Unarmed Combat
    38 | D        | Reached XP level 6. HP: 5/63 MP: 5/5
   269 | D        | Noticed a hippogriff
   269 | D        | Noticed a hippogriff
   272 | D        | Noticed a neqoxec
   272 | D        | Noticed a neqoxec
   272 | D        | Noticed a neqoxec
   272 | D        | Noticed a neqoxec
   278 | D        | Killed a neqoxec
   278 | D        | Reached XP level 7. HP: 49/72 MP: 6/6
   281 | D        | Killed a neqoxec
   281 | D        | Reached skill level 8 in Unarmed Combat
   282 | D        | Gained mutation: You occasionally shout uncontrollably at your foes. [a neqoxec]
   287 | D        | Killed a neqoxec
   287 | D        | Reached skill level 5 in Stealth
   300 | D        | Killed a neqoxec
   374 | D        | Killed a hippogriff
   374 | D        | Reached skill level 9 in Unarmed Combat
   374 | D        | Reached XP level 8. HP: 76/83 MP: 7/7
   379 | D        | Killed a hippogriff
   379 | D        | Reached skill level 5 in Armour
   402 | D        | Noticed an orange crystal statue
   405 | D        | Found Ziof's Book Shoppe.
   405 | D        | Found Rewk's Distillery.
   407 | D        | Found Inap's Distillery.
   407 | D        | Found Tiofukk's Antique Weapon Emporium.
   430 | D        | Noticed an obsidian statue
   439 | D        | Found Pousepsete's Antique Armour Emporium.
   440 | D        | Found Oxidgh's Assorted Antiques.
   440 | D        | Found Gakuorgh's Food Shoppe.
   441 | D        | Noticed a blink frog
   446 | D        | Killed a blink frog
   452 | D        | Found Geruuvoth's Antique Armour Shoppe.
   454 | D        | Found Suetagip's Jewellery Shoppe.
   455 | D        | Found Gujiedo's Weapon Shoppe.
   455 | D        | Found Ecaosueg's Jewellery Emporium.
   459 | D        | Noticed a hell hog
   460 | D        | Noticed a hell hog
   460 | D        | Found Fuommigi's Antique Armour Emporium.
   460 | D        | Found Vehed's Gadget Shoppe.
   460 | D        | Noticed an oklob plant
   461 | D        | Found Yjuuqoul's Magic Scroll Shoppe.
   461 | D        | Found Jiach's Book Shoppe.
   461 | D        | Found Unuary's Jewellery Emporium.
   462 | D        | Noticed an iron elemental
   465 | D        | Noticed a hippogriff
   465 | D        | Noticed a hippogriff
   467 | D        | Noticed a hippogriff
   510 | D        | Bought the ring "Fotip" {rCorr Str+3 Stlth+} for 361 gold pieces
   510 | D        | Bought the ring "Butour" {rF+ rN+ Dex+4} for 452 gold pieces
   584 | D        | Found a glowing silver altar of Zin.
   584 | D        | Found a radiant altar of Vehumet.
   585 | D        | Found a glowing golden altar of the Shining One.
   585 | D        | Found a basalt altar of Yredelemnul.
   585 | D        | Found a hide-covered altar of Uskayaw.
   586 | D        | Found a shimmering altar of Xom.
   586 | D        | Found a bloodstained altar of Trog.
   586 | D        | Found a burning altar of Makhleb.
   587 | D        | Found an ornate altar of the Wu Jian Council.
   587 | D        | Found a deep blue altar of Sif Muna.
   587 | D        | Found a corrupted altar of Lugonu.
   588 | D        | Found a sacrificial altar of Ru.
   588 | D        | Found an ancient bone altar of Kikubaaqudgha.
   588 | D        | Found a white marble altar of Elyvilon.
   589 | D        | Found a stormy altar of Qazlal.
   589 | D        | Found a viscous altar of Jiyva.
   589 | D        | Found a shadowy altar of Dithmenos.
   590 | D        | Found a hazy altar of Hepliaklqana.
   590 | D        | Found a snail-covered altar of Cheibriados.
   592 | D        | Found a roughly hewn altar of Beogh.
   592 | D        | Found a sparkling altar of Nemelex Xobeh.
   592 | D        | Found a blossoming altar of Fedhas.
   592 | D        | Noticed a hornet
   592 | D        | Noticed a polar bear
   593 | D        | Found an opulent altar of Gozag.
   593 | D        | Found an iron altar of Okawaru.
   593 | D        | Noticed a yaktaur
   596 | D        | Became a worshipper of the Wu Jian Council
   596 | D        | Reached * piety under Wu Jian
   596 | D        | Reached ** piety under Wu Jian
   603 | D        | Noticed a polar bear
   603 | D        | Noticed a polar bear
   607 | D        | Killed a polar bear
   607 | D        | Reached skill level 10 in Unarmed Combat
   617 | D        | Killed a hornet
   620 | D        | Noticed an ice statue
   621 | D        | Killed a polar bear
   621 | D        | Reached XP level 9. HP: 33/93 MP: 8/8
   623 | D        | Killed a polar bear
   623 | D        | Reached *** piety under Wu Jian
   628 | D        | Killed a yaktaur
   717 | D        | Noticed a kraken
   851 | D        | Lost mutation: You occasionally shout uncontrollably at your foes. [potion of mutation]
   851 | D        | Gained mutation: You have a pair of small horns on your head. [potion of mutation]
   851 | D        | Gained mutation: You are partially covered in icy blue scales. (AC +2) [potion of mutation]
   987 | D        | Reached **** piety under Wu Jian
  1161 | D        | Noticed a death drake
  1173 | D        | Reached skill level 11 in Unarmed Combat
  1257 | D        | Noticed a deep elf master archer
  1262 | D        | Reached ***** piety under Wu Jian
  1283 | D        | Noticed a crystal guardian
  1289 | D        | Killed a death drake
  1289 | D        | Reached XP level 10. HP: 97/110 MP: 9/9
  1292 | D        | Noticed a death drake
  1293 | D        | Killed a crystal guardian
  1293 | D        | Reached skill level 10 in Fighting
  1293 | D        | Reached skill level 10 in Dodging
  1295 | D        | Killed a death drake
  1295 | D        | Reached skill level 12 in Unarmed Combat
  1315 | D        | Noticed a fire dragon
  1321 | D        | Killed a fire dragon
  1926 | D        | Shot with an arrow by a deep elf master archer

Vault maps used:
D:        the_violet_keep_of_menkaure

Skill      XL: |  1  2  3  4  5  6  7  8  9 10 |
---------------+-------------------------------+-----
Fighting       | 4 5 6 7 8 9 10 | 10.6
Armour         | 1 2 3 4 5 6 7 |  7.2
Dodging        | 4 5 6 7 8 9 10 | 10.6
Stealth        | 2 3 4 5 6 7 8 |  8.0
Unarmed Combat | 4 5 7 9 10 11 12 | 12.4

Action                   |  1- 3 |  4- 6 |  7- 9 | 10-12 || total
-------------------------+-------+-------+-------+-------++-------
Melee: Unarmed           |     5 |    46 |   103 |    18 ||   172
       Punch             |       |     2 |     4 |     2 ||     8
       Headbutt          |       |       |    11 |     7 ||    18
       Arbalest          |       |       |       |     4 ||     4
 Fire: Arbalest          |       |       |       |     7 ||     7
Invok: Heavenly Storm    |       |       |     1 |     1 ||     2
       Serpent's Lash    |       |       |       |     1 ||     1
  Use: Potion            |     1 |       |     2 |     2 ||     5
       Scroll            |       |       |     6 |       ||     6
 Stab: Sleeping          |       |       |     8 |     1 ||     9
  Eat: Chunk             |       |     2 |    15 |     3 ||    20
Armor: Robe              |     1 |     9 |    11 |     1 ||    22
Dodge: Dodged            |     2 |    21 |    68 |    22 ||   113
